[Event "Iceland Championship"]
[Site "Hafnarfjordur, Iceland"]
[Date "2001.09.08"]
[Round "9"]
[White "Thorfinnsson, Bragi"]
[Black "Kristjansson, Stefan"]
[Result "0-1"]
[WhiteElo "2371"]
[BlackElo "2380"]
[Opening "Catalan: closed, 5.Nf3"]
[ECO "E06"]
[NIC "CA.05"]
[Time "08:27:53"]
[TimeControl "7200+0"]

1. d4 Nf6 2. c4 e6 3. g3 d5 4. Nf3 Be7 5. Bg2 O-O 6. O-O dxc4 7. Qc2 a6 8.
a4 Bd7 9. Qxc4 Bc6 10. Bg5 a5 11. Nc3 Na6 12. Bxf6 Bxf6 13. e4 Nb4 14. Rad1
b6 15. d5 exd5 16. exd5 Bb7 17. Nd4 Bxd4 18. Rxd4 Qd7 19. Rfd1 Rae8 20. h4
Re5 21. Nb5 Na6 22. Kh2 Nc5 23. Qc2 Ba6 24. Nc3 Qd6 25. Rf4 Rfe8 26. Rd2 g6
27. Nd1 f5 28. Nc3 R8e7 29. Bf3 Nd7 30. b4 axb4 31. Na2 b3 32. Qxb3 Nc5 33.
Qc2 Ne4 34. Rd1 h6 35. Kg2 g5 36. hxg5 hxg5 37. Rxf5 Rxf5 38. Bxe4 Rf6 39.
Nc3 Qc5 40. d6 Rxd6 41. Bd5+ Kg7 42. Qb2 Kf8 43. Ne4 Rxe4 44. Qh8+ Ke7 45.
Qh7+ Kd8 46. Qxe4 Bb7 47. Bxb7 Rxd1 48. Bc6 Qe7 49. Qc4 Qh7 50. Kf3 Qd3+ 51.
Qxd3+ Rxd3+ 52. Kg4 Rc3 53. Bd5 Ke7 54. Kf5 Rc5 55. Ke4 c6 56. Bg8 Kf6
{Black wins}
0-1

[Event "Iceland Championship"]
[Site "Hafnarfjordur, Iceland"]
[Date "2001.09.08"]
[Round "9"]
[White "Bjornsson, Sigurbjorn"]
[Black "Ptacnikova, Lenka"]
[Result "1/2-1/2"]
[ICCResult "Game drawn by mutual agreement"]
[WhiteElo "2297"]
[BlackElo "2272"]
[Opening "Bogo-Indian defense, Nimzovich variation"]
[ECO "E11"]
[NIC "QI.01"]
[Time "08:27:18"]
[TimeControl "7200+0"]

1. d4 Nf6 2. Nf3 e6 3. c4 Bb4+ 4. Bd2 Qe7 5. g3 Nc6 6. Bg2 Bxd2+ 7. Nbxd2 d6
8. e4 e5 9. d5 Nb8 10. O-O O-O 11. Ne1 Bg4 12. f3 Bd7 13. Qc2 a5 14. Nd3 Na6
15. Qc3 Nc5 16. Nxc5 dxc5 17. Rae1 b5 18. cxb5 Bxb5 19. Rf2 c6 20. dxc6 Rfc8
21. Nc4 Bxc4 22. Qxc4 Rxc6 23. Rc1 Rb8 24. a3 Qc7 25. Rfc2 Nd7 26. Bh3 Nb6
27. Qb5 Nd7 28. Qa4 Nf8 29. Qc4 Rd8 30. Qb5 Rb8 31. Qe2 Rb3 32. Rc3 Rxc3
33. Rxc3 Rb6 34. Qf2 Qd6 35. Qc5 Qd1+ 36. Bf1 Rxb2 37. Qe3 a4 38. Rc8 Rb1 
39. Qf2 Rb3 40. Kg2 Qd4 41. Qxd4 exd4 42. Rd8 Rxa3 43. Kf2 Rc3 44. Rxd4 a3 45. Ra4 Rc2+ 46. Ke3 a2
47. Bd3 Rxh2 48. Be2 h5 49. Rxa2 Rg2 50. Ra5 g6 51. g4 {Game drawn by mutual agreement}
1/2-1/2

[Event "Iceland Championship"]
[Site "Hafnarfjordur, Iceland"]
[Date "2001.09.08"]
[Round "9"]
[White "Gunnarsson, Arnar"]
[Black "Vidarsson, Jon"]
[Result "0-1"]
[ICCResult "White resigns"]
[WhiteElo "2263"]
[BlackElo "2359"]
[Opening "Queen's Indian defense"]
[ECO "A47"]
[NIC "QP.06"]
[Time "08:25:06"]
[TimeControl "7200+0"]

1. d4 Nf6 2. Nf3 b6 3. Bg5 Bb7 4. Nbd2 d5 5. e3 e6 6. Bd3 Be7 7. Ne5 Nfd7 8.
Bxe7 Qxe7 9. f4 Nxe5 10. fxe5 Ba6 11. Bxa6 Nxa6 12. c3 c6 13. O-O Nc7 14.
Qa4 Qd7 15. Rf3 O-O 16. Raf1 a5 17. Rh3 f5 18. exf6 Rxf6 19. Nf3 Raf8 20.
Re1 Qe8 21. e4 dxe4 22. Ng5 Qg6 23. Nxh7 Rf2 24. g3 Qf5 25. Nxf8 Qf3 26.
Rh8+ Kf7 {White resigns} 0-1

[Event "Iceland Championship"]
[Site "Hafnarfjordur, Iceland"]
[Date "2001.09.08"]
[Round "9"]
[White "Thorhallsson, Throstur"]
[Black "Gunnarsson, Jon"]
[Result "1-0"]
[WhiteElo "2456"]
[BlackElo "2404"]
[Opening "French: Steinitz, Boleslavsky variation"]
[ECO "C11"]
[NIC "FR.04"]
[Time "08:25:58"]
[TimeControl "7200+0"]

1. e4 e6 2. d4 d5 3. Nc3 Nf6 4. e5 Nfd7 5. f4 c5 6. Nf3 Nc6 7. Be3 cxd4 8.
Nxd4 Bc5 9. Qd2 Nxd4 10. Bxd4 a6 11. O-O-O b5 12. Ne4 Be7 13. Ng5 h6 14. Nf3
Nc5 15. Qe3 Qc7 16. Kb1 Bb7 17. h4 b4 18. h5 a5 19. Bb5+ Bc6 20. Bxc5 Bxb5
21. Bxe7 Qxe7 22. Nd4 Bd7 23. g4 a4 24. f5 a3 25. b3 Rc8 26. Rhf1 Qg5 27.
Qe1 Rc3 28. Ne2 Rc8 29. Qxb4 exf5 30. gxf5 Bxf5 31. Nd4 Bd7 32. Nb5 Be6 33. Nd6+ Kd7 34. Nxf7

[Event "Iceland Championship"]
[Site "Hafnarfjordur, Iceland"]
[Date "2001.09.08"]
[Round "9"]
[White "Stefansson, Hannes"]
[Black "Thorfinnsson, Bjorn"]
[Result "1-0"]
[ICCResult "Black resigns"]
[WhiteElo "2586"]
[BlackElo "2220"]
[Opening "Ruy Lopez: Archangelsk (counterthrust) variation"]
[ECO "C78"]
[NIC "RL.12"]
[Time "08:26:39"]
[TimeControl "7200+0"]

1. e4 e5 2. Nf3 Nc6 3. Bb5 a6 4. Ba4 Nf6 5. O-O b5 6. Bb3 Bb7 7. Re1 Bc5 8.
c3 d6 9. d4 Bb6 10. Be3 h6 11. h3 g5 12. Nbd2 Rg8 13. dxe5 Bxe3 14. exf6 Bf4
15. Bd5 Qxf6 16. Nd4 Nd8 17. Bxb7 Nxb7 18. N2f3 h5 19. Nc6 Kf8 20. e5 Qh6
21. exd6 Qxd6 22. Ne7 g4 23. Nxg8 gxf3 24. Qxf3 Kxg8 25. Rad1 {Black
resigns} 1-0

[Event "Iceland Championship"]
[Site "Hafnarfjordur, Iceland"]
[Date "2001.09.03"]
[Round "4"]
[White "Thorfinnsson, Bragi"]
[Black "Bjornsson, Sigurbjorn"]
[Result "1-0"]
[ICCResult "Black resigns"]
[WhiteElo "2371"]
[BlackElo "2297"]
[Opening "King's Indian: Four pawns attack, Florentine gambit"]
[ECO "E76"]
[NIC "KI.56"]
[Time "12:34:47"]
[TimeControl "7200+0"]

1. d4 Nf6 2. c4 g6 3. Nc3 Bg7 4. e4 d6 5. f4 O-O 6. Nf3 c5 7. d5 e6 8. Be2
exd5 9. e5 Nfd7 10. cxd5 dxe5 11. O-O Re8 12. d6 Nb6 13. a4 e4 14. Ng5 Bd4+
15. Kh1 Bd7 16. Qb3 Be6 17. Nxe6 Rxe6 18. f5 gxf5 19. Rxf5 Nc6 20. Nb5 Bg7
21. Bh5 Kh8 22. Bg5 f6 23. Qxe6 fxg5 24. Qxe4 Nd4 25. Nxd4 cxd4 26. Qe7
{Black resigns}
1-0

[Event "Iceland Championship"]
[Site "Hafnarfjordur, Iceland"]
[Date "2001.09.03"]
[Round "4"]
[White "Kristjansson, Stefan"]
[Black "Thorfinnsson, Bjorn"]
[Result "1/2-1/2"]
[ICCResult "Game drawn by mutual agreement"]
[WhiteElo "2380"]
[BlackElo "2220"]
[Opening "Queen's Indian: Nimzovich variation (exaggerated fianchetto)"]
[ECO "E15"]
[NIC "QI.05"]
[Time "12:36:36"]
[TimeControl "7200+0"]

1. d4 Nf6 2. c4 e6 3. Nf3 b6 4. g3 Ba6 5. b3 Bb4+ 6. Bd2 Be7 7. Bg2 c6 8.
O-O O-O 9. Bc3 d5 10. Ne5 Nfd7 11. Nxd7 Nxd7 12. Nd2 Rc8 13. e4 b5 14. Re1
bxc4 15. bxc4 Bxc4 16. Nxc4 dxc4 17. Qe2 Nb6 18. a4 c5 19. d5 exd5 20. exd5
Bf6 21. Bxf6 Qxf6 22. a5 Nd7 23. Qe7 Rcd8 24. d6 c3 25. Bh3 Nb8 26. Qxf6
gxf6 27. Rac1 Rxd6 28. Rxc3 Nd7 29. Rb1 Re8 30. Rb7 Re1+ 31. Kg2 Ne5 32. Bf5
Rd2 33. Rc2 Rxc2 34. Bxc2 Ra1 35. Rxa7 Nc6 36. Rc7 Nd4 37. Rxc5 Nxc2 38.
Rxc2 Rxa5 {Game drawn by mutual agreement} 1/2-1/2

[Event "Iceland Championship"]
[Site "Hafnarfjordur, Iceland"]
[Date "2001.09.03"]
[Round "4"]
[White "Ptacnikova, Lenka"]
[Black "Gunnarsson, Arnar"]
[Result "1-0"]
[ICCResult "Black resigns"]
[WhiteElo "2272"]
[BlackElo "2263"]
[Opening "Ruy Lopez: closed, Breyer, Borisenko variation"]
[ECO "C95"]
[NIC "RL.25"]
[Time "12:37:13"]
[TimeControl "7200+0"]

1. e4 e5 2. Nf3 Nc6 3. Bb5 a6 4. Ba4 Nf6 5. O-O b5 6. Bb3 Be7 7. Re1 O-O 8.
c3 d6 9. h3 Nb8 10. d4 Nbd7 11. Nbd2 Bb7 12. Bc2 Re8 13. Nf1 Bf8 14. Ng3 g6
15. a4 exd4 16. cxd4 c5 17. Bf4 Qb6 18. Re2 Rac8 19. Qd2 b4 20. a5 Qb5 21.
Qd1 Bc6 22. d5 Ba8 23. Ba4 Qb7 24. Bg5 Bg7 25. Qd2 Qc7 26. Qf4 Nxd5 27. exd5
Rxe2 28. Nxe2 Bxd5 29. Bxd7 Qxd7 30. Bf6 Bxf6 31. Qxf6 Re8 32. Nf4 Bxf3 33.
gxf3 Qb7 34. Qxd6 Qxf3 35. Rf1 c4 36. Ng2 c3 37. Qxb4 cxb2 38. Qxb2 Qxh3 39.
Qf6 Qd3 40. Rc1 Rb8 41. Ne3 Rb1 42. Rxb1 Qxb1+ 43. Kg2 Qd3 44. Ng4 Qd2 45.
Qxa6 Qg5 46. Qc8+ Kg7 47. Qc3+ Kg8 48. Kh3 f5 49. Nf6+ Kf7 50. Qc7+ Ke6 51.
Qd7+ Ke5 52. Qd5+ {Black resigns} 1-0

[Event "Iceland Championship"]
[Site "Hafnarfjordur, Iceland"]
[Date "2001.09.03"]
[Round "4"]
[White "Thorhallsson, Throstur"]
[Black "Stefansson, Hannes"]
[Result "1/2-1/2"]
[ICCResult "Game drawn by mutual agreement"]
[WhiteElo "2456"]
[BlackElo "2586"]
[Opening "Sicilian, Sz\\'en (`anti-Taimanov') variation"]
[ECO "B44"]
[NIC "SI.39"]
[Time "12:38:06"]
[TimeControl "7200+0"]

1. e4 c5 2. Nf3 Nc6 3. d4 cxd4 4. Nxd4 e6 5. Nb5 d6 6. c4 Nf6 7. N5c3 Be7 8.
g3 b6 9. Bg2 Bb7 10. O-O O-O 11. b3 Qc7 12. Bb2 Rad8 13. Na3 Qb8
{Game drawn by mutual agreement}
1/2-1/2

[Event "Iceland Championship"]
[Site "Hafnarfjordur, Iceland"]
[Date "2001.09.03"]
[Round "4"]
[White "Gunnarsson, Jon"]
[Black "Vidarsson, Jon"]
[Result "1/2-1/2"]
[ICCResult "Game drawn by mutual agreement"]
[WhiteElo "2404"]
[BlackElo "2359"]
[Opening "Owen defense"]
[ECO "B00"]
[NIC "VO.01"]
[Time "12:38:34"]
[TimeControl "7200+0"]

1. e4 b6 2. d4 Bb7 3. Nc3 e6 4. Bd3 Nf6 5. Qe2 d5 6. Nf3 dxe4 7. Nxe4 Nxe4
8. Bxe4 Bxe4 9. Qxe4 Qd5 10. Qe2 Bd6 11. O-O O-O 12. c4 Qh5 13. h3 Nd7 14.
Be3 e5 15. Qc2 Rfe8 16. dxe5 {Game drawn by mutual agreement} 1/2-1/2

[Event "Iceland Championship"]
[Site "Hafnarfjordur, Iceland"]
[Date "2001.09.04"]
[Round "5"]
[White "Bjornsson, Sigurbjorn"]
[Black "Kristjansson, Stefan"]
[Result "1-0"]
[ICCResult "Black resigns"]
[WhiteElo "2297"]
[BlackElo "2380"]
[Opening "French: Winawer, advance, positional main line"]
[ECO "C19"]
[NIC "FR.12"]
[Time "12:07:56"]
[TimeControl "7200+0"]

1. e4 e6 2. d4 d5 3. Nc3 Bb4 4. e5 Ne7 5. a3 Bxc3+ 6. bxc3 c5 7. Nf3 b6 8.
Bb5+ Bd7 9. Bd3 h6 10. O-O Qc7 11. a4 Nbc6 12. Ba3 Na5 13. Nd2 O-O 14. dxc5
bxc5 15. Nb3 Nxb3 16. cxb3 f6 17. f4 Rac8 18. Qe2 fxe5 19. fxe5 Qb6 20. Bc2
c4+ 21. Kh1 cxb3 22. Bxe7 Rxf1+ 23. Rxf1 bxc2 24. Qxc2 Qe3 25. Qg6 Qe4 26.
Qf7+ Kh7 27. Bf6 Qg6 28. Qxd7 Rxc3 29. Qxa7 Rc2 30. Rg1 Kh8 31. Be7 Kg8 32.
Qe3 Qg4 33. a5 Ra2 34. h3 Qc4 35. Qb6 d4 36. Qc5 Qd3 37. Qc6 Rxa5 38. Qxe6+
Kh7 39. Bd6 Qe4 40. Qg4 Qd5 41. Qf5+ Kg8 42. Rc1 {Black resigns} 1-0

[Event "Iceland Championship"]
[Site "Hafnarfjordur, Iceland"]
[Date "2001.09.04"]
[Round "5"]
[White "Gunnarsson, Arnar"]
[Black "Thorhallsson, Throstur"]
[Result "1/2-1/2"]
[ICCResult "Game drawn by mutual agreement"]
[WhiteElo "2263"]
[BlackElo "2456"]
[Opening "French: exchange variation"]
[ECO "C01"]
[NIC "FR.01"]
[Time "12:06:45"]
[TimeControl "7200+0"]

1. e4 e6 2. d4 d5 3. exd5 exd5 4. Bd3 Bd6 5. Ne2 Nf6 6. O-O O-O 7. Bf4 Bg4
8. f3 Bh5 9. Qd2 Bg6 10. Nbc3 c6 11. Rfe1 Bxd3 12. Qxd3 Bxf4 13. Nxf4 Qd6
14. Qd2 Nbd7 15. Re2 Rfe8 16. Rae1 Rxe2 17. Rxe2 Re8 18. Nd3 Kf8
{Game drawn by mutual agreement}
1/2-1/2

[Event "Iceland Championship"]
[Site "Hafnarfjordur, Iceland"]
[Date "2001.09.04"]
[Round "5"]
[White "Vidarsson, Jon"]
[Black "Ptacnikova, Lenka"]
[Result "1-0"]
[ICCResult "Black resigns"]
[WhiteElo "2359"]
[BlackElo "2272"]
[Opening "Sicilian: Nimzovich-Rossolimo attack (with ...g6, without ...d6)"]
[ECO "B31"]
[NIC "SI.31"]
[Time "12:06:00"]
[TimeControl "7200+0"]

1. e4 c5 2. Nf3 Nc6 3. Bb5 g6 4. Bxc6 bxc6 5. O-O Bg7 6. Re1 f6 7. a3 a5 8.
d3 Nh6 9. Be3 d6 10. d4 cxd4 11. Nxd4 Bd7 12. Qd3 Nf7 13. a4 O-O 14. Na3 f5
15. exf5 gxf5 16. Nxf5 Bxf5 17. Qxf5 Bxb2 18. Qg4+ Bg7 19. Rab1 Ne5 20. Qe6+
Kh8 21. Rb7 Bf6 22. f4 Ng6 23. g3 Rb8 24. Reb1 Rxb7 25. Rxb7 Qa8 26. Qb3 e5
27. f5 Nf4 28. gxf4 exf4 29. Bf2 Qc8 30. Rf7 Rg8+ 31. Kf1 Qxf5 32. Bd4
{Black resigns}
1-0

[Event "Iceland Championship"]
[Site "Hafnarfjordur, Iceland"]
[Date "2001.09.04"]
[Round "5"]
[White "Stefansson, Hannes"]
[Black "Thorfinnsson, Bragi"]
[Result "1-0"]
[ICCResult "Black resigns"]
[WhiteElo "2586"]
[BlackElo "2371"]
[Opening "English: symmetrical, hedgehog system"]
[ECO "A30"]
[NIC "EO.40"]
[Time "12:05:08"]
[TimeControl "7200+0"]

1. c4 c5 2. Nf3 b6 3. g3 Bb7 4. Bg2 Nf6 5. Nc3 e6 6. O-O Be7 7. Re1 O-O 8.
e4 d6 9. d4 cxd4 10. Nxd4 Qc8 11. Be3 Nbd7 12. f4 Rd8 13. Rc1 Bf8 14. Bf2 a6
15. b3 Ra7 16. f5 e5 17. Nc2 g6 18. Ne3 Ba8 19. g4 Bh6 20. h4 Bf4 21. g5
Bxe3 22. Bxe3 Ne8 23. Nd5 Bxd5 24. cxd5 Rc7 25. Qe2 Qb7 26. h5 Rxc1 27. Rxc1
Rc8 28. Rf1 Ng7 29. fxg6 fxg6 30. h6 Nh5 31. Bh3 Ng3 32. Qf3 Nxf1 33. Be6+
Kh8 34. Qf7 {Black resigns} 1-0

[Event "Iceland Championship"]
[Site "Hafnarfjordur, Iceland"]
[Date "2001.09.04"]
[Round "5"]
[White "Thorfinnsson, Bjorn"]
[Black "Gunnarsson, Jon"]
[Result "1/2-1/2"]
[WhiteElo "2220"]
[BlackElo "2404"]
[Opening "Trompovsky attack (Ruth, Opo\\v censk\\'y opening)"]
[ECO "A45"]
[NIC "QP.07"]
[Time "12:07:24"]
[TimeControl "7200+0"]

1. d4 Nf6 2. Bg5 g6 3. e3 Bg7 4. Nd2 d6 5. Bd3 c5 6. c3 Nc6 7. h4 h5 8. Ngf3
O-O 9. Nh2 cxd4 10. cxd4 e5 11. d5 Nb4 12. Be4 Qb6 13. Bxf6 Bxf6 14. g4 Bxh4
15. Qe2 hxg4 16. a3 Na6 17. Nxg4 Bg5 18. Qf3 Kg7 19. Bxg6 fxg6 20. Qh3 Rg8
21. Ne4 Bxg4 22. Qxg4 Be7 23. Ng5 Bxg5 24. Qd7+ Kf8 25. Rh7 Qa5+ 26. b4 Qxd5
27. Rd1 Rd8 28. Rxd5 Rxd7 29. Rxd7 Rg7 30. R5xd6 Nb8 31. Rd8+ Bxd8 32. Rxd8+
Ke7 33. Rxb8 Kd6 34. Kf1 g5 35. Kg2 b6 36. e4 g4 37. Kg3 Rf7 38. Rd8+ Kc6
39. Rd5 Rf3+ 40. Kxg4 Rf4+ 41. Kg3 Rxe4 42. Rd3 Kb5 43. Kf3 Rf4+ 44. Ke3 Ka4
45. f3 Rh4 46. Rd5 Rh1 47. Rxe5 Ra1 48. b5 Rxa3+ 49. Ke4 Rb3 50. f4 Rb4+ 51.
Kf5 Rxb5 52. Ke6 Rc5 53. Rxc5 bxc5 54. Kd5 Kb5 55. f5 c4 56. Kd4 c3 57. Kxc3
Kc5 {Game drawn} 1/2-1/2

[Event "Iceland Championship"]
[Site "Hafnarfjordur, Iceland"]
[Date "2001.09.05"]
[Round "6"]
[White "Ptacnikova, Lenka"]
[Black "Thorhallsson, Throstur"]
[Result "1/2-1/2"]
[ICCResult "Game drawn by mutual agreement"]
[WhiteElo "2272"]
[BlackElo "2456"]
[Opening "Sicilian defense"]
[ECO "B33"]
[NIC "SI.34"]
[Time "12:02:43"]
[TimeControl "7200+0"]

1. e4 c5 2. Nf3 Nc6 3. d4 cxd4 4. Nxd4 Nf6 5. Nc3 Qb6 6. Nb3 d6 7. Be2 e6 8.
O-O a6 9. a4 Qc7 10. a5 Be7 11. Be3 O-O 12. f3 Nb4 13. Bb6 Qb8 14. Ra4 d5
15. Nc5 Nd7 16. Nxd7 Bxd7 17. Ra1 Bc6 18. exd5 Nxd5 19. Nxd5 Bxd5 20. c4 Bc6
21. Qe1 Qe5 22. Rb1 Bd6 23. g3 Bc5 24. Bxc5 Qxc5+ 25. Kg2 Rfd8
26. b4 Qe3 27. Rb2 e5 28. Qc1 Qa3  29. Qa1 Qe3 30. Qc1 Qa7 31. Qc3 e4 32. Rd2 Re8 33. c5
Qb8 34. fxe4 Rxe4 35. Bf3 Qe8 36. Kg1 Re6 37. Bxc6 Qxc6 38. Rfd1 Qc7 39. Qf3
Re7 {Game drawn by mutual agreement} 1/2-1/2

[Event "Iceland Championship"]
[Site "Hafnarfjordur, Iceland"]
[Date "2001.09.05"]
[Round "6"]
[White "Gunnarsson, Jon"]
[Black "Bjornsson, Sigurbjorn"]
[Result "0-1"]
[ICCResult "White resigns"]
[WhiteElo "2404"]
[BlackElo "2297"]
[Opening "Sicilian: Najdorf"]
[ECO "B90"]
[NIC "SI.14"]
[Time "12:02:13"]
[TimeControl "7200+0"]

1. e4 c5 2. Nf3 d6 3. d4 cxd4 4. Nxd4 Nf6 5. Nc3 a6 6. f3 e6 7. Be3 b5 8.
Qd2 Nbd7 9. O-O-O Bb7 10. g4 h6 11. h4 b4 12. Na4 Qa5 13. b3 Nc5 14. a3 Nxa4
15. axb4 Qc7 16. bxa4 d5 17. e5 Nd7 18. f4 Nb6 19. f5 Nxa4 20. fxe6 Nc3 21.
exf7+ Kxf7 22. e6+ Kg8 23. Bd3 Bxb4 24. Qh2 Na2+ 25. Kb1 Qa5 26. Qf4 Nc3+
27. Kc1 Ne2+ 28. Kb1 Nxf4 29. Bxf4 Bc3 30. Nb3 Qb4 31. Rhf1 Rf8 32. Bc1 a5
33. Ka2 a4 34. Rxf8+ Qxf8 35. Nd2 Qe7 36. Nb1 d4 37. Nxc3 Qxe6+ 38. Ka1 dxc3
39. Bf5 Qb6 40. h5 Kf7 41. Bg6+ Kf6 42. Rf1+ Ke7 43. Ba3+ Kd8 {White
resigns} 0-1

[Event "Iceland Championship"]
[Site "Hafnarfjordur, Iceland"]
[Date "2001.09.05"]
[Round "6"]
[White "Thorfinnsson, Bragi"]
[Black "Gunnarsson, Arnar"]
[Result "1-0"]
[ICCResult "Black resigns"]
[WhiteElo "2371"]
[BlackElo "2263"]
[Opening "QGA, 4.Nc3"]
[ECO "D24"]
[NIC "QP.08"]
[Time "12:01:09"]
[TimeControl "7200+0"]

1. d4 d5 2. Nf3 Nf6 3. c4 dxc4 4. Nc3 c5 5. d5 e6 6. e4 Be7 7. d6 Bf8 8.
Bxc4 a6 9. a4 Nc6 10. e5 Nd7 11. Bf4 Qa5 12. O-O h6 13. Re1 g5 14. Nd5 gxf4
15. Nc7+ Kd8 16. Bxe6 Ndxe5 17. Nxe5 Nxe5 18. Rxe5 Bxe6 19. Nxa8 Bg7 20. Re1
Bd4 21. Nc7 Bd7 22. Nd5 Rg8 23. b4 Bh3 24. g3 fxg3 25. hxg3 Bxf2+ 26. Kxf2
cxb4 27. Qd4 Be6 28. Nf4 b3 29. Nxe6+ fxe6 30. Qf6+ {Black resigns} 1-0

[Event "Iceland Championship"]
[Site "Hafnarfjordur, Iceland"]
[Date "2001.09.05"]
[Round "6"]
[White "Kristjansson, Stefan"]
[Black "Stefansson, Hannes"]
[Result "1/2-1/2"]
[ICCResult "Game drawn by mutual agreement"]
[WhiteElo "2380"]
[BlackElo "2586"]
[Opening "Queen's Indian: Nimzovich variation (exaggerated fianchetto)"]
[ECO "E15"]
[NIC "QI.05"]
[Time "12:01:43"]
[TimeControl "7200+0"]

1. d4 Nf6 2. c4 e6 3. Nf3 b6 4. g3 Ba6 5. Qa4 Bb7 6. Bg2 c5 7. dxc5 bxc5 8.
O-O Be7 9. Nc3 O-O 10. Re1 d5 11. Qb3 Qb6 12. Ne5 Rd8 13. Bf4 Nbd7 14. cxd5
Nxe5 15. d6 Bxd6 16. Bxb7 Rab8 17. Qxb6 axb6 18. Red1 Nc4 19. Bxd6 Nxd6 20.
Bc6 Kf8 21. b3 Ke7 22. e3 Nd7 23. Bxd7 Rxd7 24. Kf1 b5 25. Rd2 Rc7 26. Rad1
Rc6 27. Rc1 Rbc8 28. Rdc2 c4 29. Nd1 Ne4 30. Ke2 f5 31. bxc4 bxc4 32. Rb1 g5
33. f3 Nd6 34. Nc3 Kf6 35. Rb4 h5 36. a4 g4 37. e4 fxe4 38. Nxe4+ Nxe4 39.
fxe4 Rc5 40. Ke3 Ke5 41. Rc3 R8c7 42. Rc2 c3 43. Rb5 Rxb5 44. axb5 Rc4 45.
Kd3 Rb4 46. Rxc3 Rxb5 47. Ke3 Ra5 48. Rb3 Kf6 49. Rb2 Ra3+ 50. Kd4 e5+ 51.
Kc4 Re3 52. Rb6+ Kg5 53. Kd5 Re2 54. Kxe5 Rxh2 55. Kd4 Rf2
{Game drawn by mutual agreement}
1/2-1/2

[Event "Iceland Championship"]
[Site "Hafnarfjordur, Iceland"]
[Date "2001.09.05"]
[Round "6"]
[White "Vidarsson, Jon"]
[Black "Thorfinnsson, Bjorn"]
[Result "1/2-1/2"]
[ICCResult "Game drawn by mutual agreement"]
[WhiteElo "2359"]
[BlackElo "2220"]
[Opening "Ruy Lopez: Wormald (Alapin) attack"]
[ECO "C77"]
[NIC "RL.12"]
[Time "11:59:45"]
[TimeControl "7200+0"]

1. e4 e5 2. Nf3 Nc6 3. Bb5 a6 4. Ba4 Nf6 5. Qe2 Be7 6. c3 O-O 7. O-O b5 8.
Bb3 d5 9. d3 Re8 10. Bg5 Be6 11. Nbd2 Nh5 12. Bxe7 Nf4 13. Bxd8 Nxe2+ 14.
Kh1 Raxd8 15. g3 b4 16. exd5 Bxd5 17. Bxd5 Rxd5 18. Rfe1 bxc3 19. bxc3 Nxc3
20. Rac1 Rxd3 21. Re3 Rxe3 22. fxe3 Nxa2 23. Rxc6 Nb4 24. Rxc7 Nd5 25. Ra7
Nxe3 26. Nxe5 g5 27. Nxf7 Rc8 28. Nh6+ Kf8 29. Nf3 g4 30. Ng1 Rc6 31. Rf7+
Ke8 32. Rf4 Rxh6 33. Re4+ Kd7 34. Rxe3 Re6 35. Ra3 Kc7 36. Kg2 Kb6 37. h3
gxh3+ 38. Nxh3 a5 39. Nf4 Rd6 40. Kf3 Kb5 41. Ke4 Kb4 42. Rf3 a4 43. Nd5+
Kb5 44. Kd4 Rg6 45. Kc3 Rg5 46. Ne3 Kc5 47. Nf1 Kd6 48. Rf4 Ra5 49. Kb4 Ra7
50. Ka3 Ke6 51. Ne3 h5 52. Ng2 Ra5 53. Rh4 Rg5 54. Nf4+ Kf5 55. Nxh5 Rg4 56.
Rh3 Re4 57. Ng7+ Kg5 58. Rh5+ Kg6 59. Rh4 Rxh4 60. gxh4
{Game drawn by mutual agreement}
1/2-1/2

[Event "Iceland Championship"]
[Site "Hafnarfjordur, Iceland"]
[Date "2001.09.06"]
[Round "7"]
[White "Gunnarsson, Arnar"]
[Black "Kristjansson, Stefan"]
[Result "1/2-1/2"]
[ICCResult "Game drawn by mutual agreement"]
[WhiteElo "2263"]
[BlackElo "2380"]
[Opening "Queen's pawn game"]
[ECO "A46"]
[NIC "QP.06"]
[Time "12:19:50"]
[TimeControl "7200+0"]

1. d4 Nf6 2. Nf3 e6 3. g3 b6 4. Bg2 Bb7 5. O-O c5 6. c3 Be7 7. Nbd2 O-O 8.
Re1 d5 9. a3 Nbd7 10. b4 a5 11. b5 a4 12. Rb1 Qc7 13. Bb2 c4 14. Qc2 Ra5 15.
Bc1 h6 16. e4 dxe4 17. Ne5 Nxe5 18. dxe5 Ng4 19. Bxe4 Bc5 20. Re2 Rd8 21.
Nxc4 Ra7 22. Bxb7 Qxb7 23. Be3 Nxe3 24. Nxe3 Bxa3 25. Ra1 Bc5 26. Rxa4 Rxa4
27. Qxa4 Qf3 28. Qc2 Bxe3 29. fxe3 Qd5 30. c4 Qxe5 31. Kg2 f5 32. Rd2 Qe4+
33. Kf2 Rxd2+ {Game drawn by mutual agreement} 1/2-1/2

[Event "Iceland Championship"]
[Site "Hafnarfjordur, Iceland"]
[Date "2001.09.07"]
[Round "8"]
[White "Vidarsson, Jon"]
[Black "Stefansson, Hannes"]
[Result "1/2-1/2"]
[ICCResult "Game drawn by mutual agreement"]
[WhiteElo "2359"]
[BlackElo "2586"]
[Opening "Sicilian defense"]
[ECO "B40"]
[NIC "SI.43"]
[Time "12:49:41"]
[TimeControl "7200+0"]

1. e4 c5 2. Nf3 e6 3. d3 Nc6 4. g3 g6 5. Bg2 Bg7 6. O-O Nge7 7. Nc3 d5 8.
Bd2 O-O 9. Qc1 d4 10. Ne2 e5 11. Bh6 f6 12. Ne1 Be6 13. Bxg7 Kxg7 14. f4 c4
15. fxe5 Nxe5 16. Nf3 N7c6 17. Nf4 Bf7 18. Nd5 Bxd5 19. exd5 Qxd5 20. Nxe5
Qxe5 21. dxc4 Qc5 22. b3 d3+ 23. Kh1 Rad8 24. cxd3 Rxd3 25. Qf4 Rd4 26. Qf2
b6 27. Rae1 Ne5 28. Re4 Rxe4 29. Bxe4 f5 30. Bd5 Qxf2
{Game drawn by mutual agreement}
1/2-1/2

[Event "Iceland Championship"]
[Site "Hafnarfjordur, Iceland"]
[Date "2001.09.07"]
[Round "8"]
[White "Ptacnikova, Lenka"]
[Black "Thorfinnsson, Bragi"]
[Result "0-1"]
[ICCResult "White resigns"]
[WhiteElo "2272"]
[BlackElo "2371"]
[Opening "Sicilian"]
[ECO "B56"]
[NIC "SI.25"]
[Time "12:50:16"]
[TimeControl "7200+0"]

1. e4 c5 2. Nc3 Nc6 3. Nf3 d6 4. d4 cxd4 5. Nxd4 Nf6 6. g3 Qb6 7. Nb3 Bg4 8.
f3 Be6 9. Nd5 Bxd5 10. exd5 Nb4 11. c4 Rc8 12. a3 Na6 13. Nd4 g6 14. b4 Bg7
15. Be3 Qd8 16. Rc1 O-O 17. Bh3 Nd7 18. O-O Ra8 19. Re1 Nc7 20. Qd2 Re8 21.
Bh6 Bh8 22. Re4 a5 23. Rce1 axb4 24. axb4 Ra3 25. Kh1 Ne5 26. Bf1 Rxf3 27.
Nxf3 Nxf3 28. Qf2 Nxe1 29. Rxe1 Na6 30. Rb1 Qd7 31. Bd3 Bf6 32. Qe2 Qa4 33.
Bd2 Qa2 34. Rf1 Be5 35. Qf3 Rf8 36. Rf2 Qa1+ 37. Kg2 Qa4 38. Bg5 f6 39. Bh6
Rd8 40. Qg4 Qe8 41. Bd2 Kh8 42. h4 f5 43. Qg5 Bf6 44. Qe3 Qg8 45. h5 Qg7 46.
Rf1 Bd4 47. Qe2 Nc7 48. hxg6 hxg6 49. Bg5 Re8 50. Bc2 e6 51. Qf3 exd5 52.
Rh1+ Kg8 53. cxd5 Qe5 54. Bd3 Ra8 55. Bc4 b5 56. Bb3 Re8 57. Bf4 Qe2+ 58.
Qxe2 Rxe2+ 59. Kh3 Ne8 60. Rb1 Kf7 61. Bd1 Rf2 62. Rb3 Kf6 63. Rd3 Bb6 64.
Rd2 Rf1 65. Rd3 g5 66. Bd2 Kg6 67. Bc2 Nf6 68. Be3 Bxe3 69. Rxe3 Rf2 70.
Bxf5+ Kxf5 71. g4+ Nxg4 72. Re6 Rf3+ 73. Kg2 Rd3 74. Rxd6 Ne3+ 75. Kf2 Rxd5
76. Rc6 Ng4+ 77. Kg3 Ne5 {White resigns} 0-1